 Dungeon Crawl Stone Soup version 0.28.0-45-g0d030f2227 (webtiles) character file.

Game seed: 1427039702003498275

249 101zpm the Magician (level 6, 0/41 HPs)
             Began as a Djinni Ice Elementalist on Apr 13, 2022.
             Killed from afar by an orc wizard (9 damage)
             ... with a magic dart
             ... on level 3 of the Dungeon.
             The game lasted 00:16:41 (5028 turns).

101zpm the Magician (Djinni Ice Elementalist)       Turns: 5028, Time: 00:16:41

Health: 0/41       AC:  8    Str: 21    XL:     6   Next: 34%
Gold:   88         EV: 27    Int: 25    God:
                   SH:  0    Dex: 13

rFire   + + .      SeeInvis .   b - +1 dagger (drain)
rCold   x . .      Faith    .   (no shield)
rNeg    + . .      Spirit   .   s - +0 leather armour {rN+}
rPois   ∞          Reflect  .   (no helmet)
rElec   .          Harm     .   (no cloak)
rCorr   .          Rampage  .   (no gloves)
Will    .....                   (boots unavailable)
Stlth   +.........              u - amulet "Calikko" {Acrobat Will- Str+8}
HPRegen 0.13/turn               f - +6 ring of intelligence
MPRegen 0.00/turn               g - +6 ring of strength

@: confused, ice-armoured, acrobatic, flying
A: sickness immunity, fire resistance 2, cold vulnerability 1, float, innate
caster, HP casting, extra vitality 1
a: no special abilities


You were on level 3 of the Dungeon.
You visited 1 branch of the dungeon, and saw 6 of its levels.

You collected 88 gold pieces.

Inventory:

Hand Weapons
 b - a +1 dagger of draining (weapon)
 n - a +0 falchion
Missiles
 m - 20 bolts
 t - 22 stones
Armour
 a - a +0 robe
 s - a +0 leather armour of positive energy (worn)
Jewellery
 d - an amulet of reflection
 f - a +6 ring of intelligence (left hand)
 g - a +6 ring of strength (right hand)
 q - a ring of see invisible
 u - the amulet "Calikko" (around neck) {Acrobat Will- Str+8}
   (You found it on level 3 of the Dungeon)

   [amulet of the acrobat]

   It increases your evasion while moving and waiting.
   Str:       It affects your strength (+8).
   Will:      It decreases your willpower.
Wands
 j - a wand of digging (11)
Scrolls
 c - 2 scrolls of identify {unknown}
 h - a scroll of immolation {unknown}
 i - 2 scrolls of teleportation {unknown}
 k - a scroll of fog {unknown}
 l - a scroll of amnesia {unknown}
 p - 2 scrolls of enchant weapon {unknown}
 r - 3 scrolls of torment {unknown}
Potions
 e - a potion of brilliance {unknown}
 o - a potion of curing {unknown}


   Skills:
 + Level 0.6 Fighting
 + Level 2.6 Dodging
 + Level 2.1 Stealth
 + Level 0.5 Shields
 + Level 5.2 Spellcasting


You had one spell level left.
You knew the following spells:

 Your Spells              Type           Power      Damage    Failure   Level
a - Freeze                Ice            100%       1d11      1%          1
b - Frozen Ramparts       Ice            64%        1d8       3%          3
c - Ozocubu's Armour      Ice            32%        N/A       3%          3
d - Hailstorm             Conj/Ice       32%        3d8       11%         4
e - Sandblast             Erth           64%        2d14      1%          1
f - Blink                 Tloc           64%        N/A       1%          2
Your spell library was empty.

Dungeon Overview and Level Annotations

Branches:
Dungeon (6/15)
 Temple: D:4-7

Altars:


Innate Abilities, Weirdness & Mutations

You are immune to sickness and miasma.
You are immune to poison.
Your flesh is very heat resistant. (rF++)
You are vulnerable to cold. (rC-)
You float through the air rather than walking.
You learn spells naturally, not from books.
Your magical power is your life essence.
You have superior vitality. (+4 MHP)


Message History

A magic dart appears from out of thin air!
The magic dart hits you.
The wall freezes something.
You hear some strange, mumbled words.
You are confused.
You're too confused to cast spells.
Sorry, you're not good enough to have a special ability.
Your icy armour and frozen ramparts will break if you move.
Continue?
Okay, then.
You're too confused to cast spells.
Unknown command.
The frozen ramparts melt away.
Something hits you but does no damage.
You hear some strange, mumbled words.
A magic dart appears from out of thin air!
The magic dart hits you!
* * * LOW HITPOINT WARNING * * *
You hear some strange, mumbled words.
You are more confused.
Something barely misses you. Something hits you.
* * * LOW HITPOINT WARNING * * *
You hear some strange, mumbled words.
You are more confused.
You hear some strange, mumbled words.
A puff of flame appears from out of thin air!
The puff of flame misses you. Something hits you but does no damage.
Something hits you.
* * * LOW HITPOINT WARNING * * *
Something hits you but does no damage.
You hear some strange, mumbled words.
A puff of flame appears from out of thin air!
The puff of flame misses you. Something barely misses you.
An orc wizard appears from thin air!
Reactivating autopickup.
The orc wizard completely misses you. The orc wizard casts a spell at you.
The magic dart hits you!
You die...

###..##.##......................
##......#.#.......####......##
###.##.#.#####...#....####.#
#..#....####......######.#
########.###.........##..##....
.......#......#####..###.#†.#
...>...##......# ##..##....##
.......#..#.....####..####...####
.........#..##..@.##.....#.#....#
.......###.####.#o#..#....†...###
.......# .# #..).....###..#.###
###..### .# #........# #..#...#
##.# ## #........###..###.# #..
##.......###...###.# ##.
##........>...#..##..
#..........)#####.....
#.##........# ##...#


You could see an orc wizard.

Vanquished Creatures
  An orc priest (D:4)
  Terence (D:2)
  An orc wizard (D:4)
  Robin (D:2)
  3 adders
  3 gnolls (D:2)
  An adder skeleton (D:2)
  2 dart slugs
  7 orcs
  6 ball pythons
  4 bats
  6 endoplasms
  3 giant cockroaches
  11 hobgoblins
  2 jackals (D:2)
  10 kobolds
  5 quokkas
  2 ball python zombies (D:2)
  5 frilled lizards
  8 goblins
  A jackal skeleton (D:2)
  A jackal zombie (D:2)
  5 rats
89 creatures vanquished.

Vanquished Creatures (others)
  2 withered plants (D:2)
2 creatures vanquished.

Grand Total: 91 creatures vanquished

Notes
Turn   | Place    | Note
-------+----------+-------------------------------------------
     0 | D:1      | 101zpm the Djinni Ice Elementalist began the quest for the
                  | Orb.
     0 | D:1      | Reached XP level 1. HP: 15/15 MP: 0/0
   256 | D:1      | Reached XP level 2. HP: 19/21 MP: 0/0
   615 | D:1      | Reached XP level 3. HP: 21/25 MP: 0/0
   615 | D:1      | Learned a level 1 spell: Sandblast
  1027 | D:2      | Reached skill level 4 in Spellcasting
  1037 | D:2      | Reached XP level 4. HP: 7/31 MP: 0/0
  1415 | D:4      | Reached XP level 5. HP: 3/35 MP: 0/0
  1415 | D:4      | Learned a level 2 spell: Blink
  1430 | D:4      | HP: 1/36 [orc/stone (3)]
  1861 | D:5      | Entered Level 5 of the Dungeon
  3662 | D:2      | Noticed Robin
  3673 | D:2      | Killed Robin
  3674 | D:2      | Reached skill level 5 in Spellcasting
  3674 | D:2      | Reached XP level 6. HP: 20/41 MP: 0/0
  3864 | D:2      | Noticed Terence
  4535 | D:2      | Killed Terence
  4892 | D:3      | Identified the amulet "Calikko" {Acrobat Will- Str+8}
  5028 | D:3      | Killed from afar by an orc wizard

Illustrated notes

Levels and vault maps discovered:
D:1:      shiori_shiawase, layout_basic, kennysheep_small_spiral
D:2:      minmay_kobold_bridge, layout_loops_ring, serial_undead,
          serial_undead_a, serial_undead_a, serial_undead_e, serial_undead_f,
          serial_undead_e, minmay_pentomino_u2, uniq_robin, uniq_terence
D:3:      layout_rooms, marbit_many_paths, chequers_serial_rivers_micro_d
D:4:      layout_loops_ring, serial_shops, shop
D:5:      layout_basic, serial_shops, shop, ebering_ghost_rock_garden,
          uniq_crazy_yiuf_cottage
D:6:      layout_rooms, kennysheep_nondescript

Skill      XL: |  1  2  3  4  5 |
---------------+----------------+-----
Spellcasting   | 4 5 |  5.2
Stealth        | 2 |  2.1
Fighting       | |  0.6
Dodging        | |  2.6
Shields        | |  0.5

Action                   |  1- 3 |  4- 6 || total
-------------------------+-------+-------++-------
Melee: Dagger            |       |     8 ||     8
 Cast: Freeze            |    32 |    25 ||    57
       Frozen Ramparts   |     3 |    28 ||    31
       Ozocubu's Armour  |       |     8 ||     8
       Sandblast         |       |    18 ||    18
       Blink             |       |     1 ||     1
Armor: Robe              |     2 |     9 ||    11
       Leather armour    |       |     7 ||     7
Dodge: Dodged            |    20 |    55 ||    75
Block: Other             |     7 |    13 ||    20
       Reflection        |       |     5 ||     5
